 Dungeon Crawl Stone Soup version 0.19.5 (webtiles) character file.

741 QuCean the Ruffian (level 7, 60/60 HPs)
             Began as a Troll Monk on May 5, 2017.
             Starved to death
             ... on level 5 of the Dungeon on May 8, 2017.
             The game lasted 00:27:37 (4801 turns).

QuCean the Ruffian (Troll Monk)                     Turns: 4801, Time: 00:27:37

Health: 60/60      AC:  5    Str: 26    XL:     7   Next: 47%
Magic:  6/6        EV: 11    Int:  6    God:
Gold:   313        SH:  0    Dex: 12    Spells: 0 memorised, 6 levels left

rFire  . . .     SeeInvis .       - Unarmed
rCold  . . .     Gourm    +     a - +0 robe
rNeg   . . .     Faith    .     (no shield)
rPois  .         Spirit   .     (helmet restricted)
rElec  .         Reflect  .     (no cloak)
rCorr  .         Harm     .     (gloves unavailable)
MR     .....                    (boots unavailable)
Stlth  ++........               (no amulet)
                                o - +4 ring of strength
                                s - ring of flight

@: fainting
A: unfitting armour, beak, claws 3, blurry vision 1, fast metabolism 3, frail 1,
gourmand, regeneration 1, shaggy fur 1, tough skin 2
a: Evoke Flight


You were on level 5 of the Dungeon.
You were fainting.

You visited 1 branch of the dungeon, and saw 5 of its levels.

You collected 313 gold pieces.

Inventory:

Hand Weapons
 e - a +2 spear of pain
 r - a cursed -1 trident
Armour
 a - a +0 robe (worn)
Jewellery
 o - a +4 ring of strength (right claw)
 p - an uncursed ring of protection from magic
 s - a ring of flight (left claw)
 u - an uncursed ring of magical power
Scrolls
 d - a scroll of teleportation
 i - a scroll of magic mapping
 k - 2 scrolls of immolation {unknown}
 l - 4 scrolls of remove curse
 m - 3 scrolls of amnesia
Potions
 c - a potion of cancellation
 g - 3 potions of lignification
 j - a potion of curing
 t - a potion of flight {unknown}


   Skills:
 + Level 3.1 Fighting
 + Level 4.5 Dodging
 + Level 1.7 Stealth
 + Level 6.6 Unarmed Combat


You had 6 spell levels left.
You didn't know any spells.

Dungeon Overview and Level Annotations

Branches:
Dungeon (5/15)
 Temple: D:4-7

Altars:


Innate Abilities, Weirdness & Mutations

You are too large for most types of armour.
You have claws for hands.
Your metabolism is lightning-fast.
You like to eat raw meat.
Your natural rate of healing is unusually fast.
You are covered in fur. (AC +1)
You have very tough skin. (AC +2)
You have a beak for a mouth.
Scrolls take you a little longer to read.
You are frail. (-10% HP)


Message History

The phantom blinks!
The phantom blinks!
You pummel the phantom!!
You destroy the phantom!
You're too hungry to rest.
You feel a little less mighty now.
Your transformation is almost over.
You feel less woody.
Your +0 robe unmelds from your body.
You see here an uncursed enchanted shortbow.
You are fainting from starvation!
You need to eat something NOW!
You feel yourself speed up.
You lose consciousness!
You can move again.
You feel less exhausted.
Found a ring mail.
You see here a ring mail.
You have starved to death.
You die...

#......[.#
########.#
#.# #.#
#.# #.#
#.# #.#
#@#
#.......#
#########


There were no monsters in sight!

Vanquished Creatures
  A phantom (D:5)
  2 centaurs (D:5)
  A necrophage (D:5)
  A big kobold (D:4)
  An orc priest (D:3)
  Jessica (D:2)
  3 orc wizards (D:4)
  9 adders
  A howler monkey skeleton (D:5)
  3 oozes
  3 worms
  2 leopard geckos
  10 orcs
  2 giant cockroaches (D:3)
  4 goblins
  8 hobgoblins
  8 jackals
  2 quokkas
  2 ball pythons
  5 bats
  9 frilled lizards
  17 kobolds
  5 rats
100 creatures vanquished.

Notes
Turn   | Place    | Note
-------+----------+-------------------------------------------
     0 | D:1      | QuCean the Troll Monk began the quest for the Orb.
     0 | D:1      | Reached XP level 1. HP: 22/22 MP: 0/0
   438 | D:1      | Reached XP level 2. HP: 29/29 MP: 1/1
  1649 | D:2      | Reached XP level 3. HP: 33/36 MP: 2/2
  1868 | D:2      | Noticed Jessica
  1880 | D:2      | Killed Jessica
  1880 | D:2      | Reached XP level 4. HP: 13/44 MP: 3/3
  2496 | D:3      | Reached skill level 4 in Unarmed Combat
  2504 | D:3      | Reached XP level 5. HP: 27/53 MP: 4/4
  3614 | D:4      | Reached XP level 6. HP: 60/61 MP: 5/5
  4093 | D:4      | Reached skill level 5 in Unarmed Combat
  4642 | D:5      | Entered Level 5 of the Dungeon
  4708 | D:5      | Reached skill level 6 in Unarmed Combat
  4708 | D:5      | Reached XP level 7. HP: 34/67 MP: 6/6
  4717 | D:5      | HP: 3/67 [centaur/arrow (8)]
  4730 | D:5      | Gained mutation: You have a beak for a mouth. [potion of mutation]
  4730 | D:5      | Gained mutation: Scrolls take you a little longer to read. [potion of mutation]
  4730 | D:5      | Gained mutation: You are frail. (-10% HP) [potion of mutation]
  4766 | D:5      | Paralysed by fainting for 7 turns
  4801 | D:5      | Starved to death

Skill      XL: |  1  2  3  4  5  6 |
---------------+-------------------+-----
Dodging        | 3 4 |  4.5
Unarmed Combat | 4 6 |  6.6
Fighting       | 3 |  3.1
Stealth        | |  1.7

Action                   |  1- 3 |  4- 6 |  7- 9 || total
-------------------------+-------+-------+-------++-------
Melee: Unarmed           |    96 |   162 |     7 ||   265
       Punch             |     2 |     2 |       ||     4
  Use: Scroll            |     1 |     5 |     3 ||     9
       Potion            |       |       |     6 ||     6
 Stab: Sleeping          |     1 |       |       ||     1
  Eat: Chunk             |     5 |    12 |       ||    17
       Bread ration      |     2 |     2 |       ||     4
       Fruit             |       |     3 |       ||     3
       Beef jerky        |       |     1 |       ||     1
Armor: Robe              |    58 |    82 |     1 ||   141
       Skin              |       |       |     7 ||     7
Dodge: Dodged            |    54 |   159 |     1 ||   214
